AoeStats
← 中山路59號

Scandinavia

510645407Analyzed
1v1 RM · 23h ago on Oct 2, 2026· 36m 30s· 2 players
Game mode
Random Map
Map size
Tiny (2 player)
Population
200
Speed
Normal
Resources
Standard
Victory
Conquest
Starting age
Dark Age
Ending age
Imperial Age
RankedLock teamsTeams togetherTeam positionsShared explorationLock speedFull tech treeHidden civsTurbo modeCheats
Victory
Defeat
🇸🇪 Sicilians · Sweden
1379
+17
🇹🇼 Huns · Taiwan
1408
-17
Peshmerga424
6:29 Loom
9:22 Feudal Age
10:37 Wheelbarrow
19:49 Horse Collar
25:33 Castle Age
24:57 Gold Mining
25:02 Double-Bit Axe
30:53 Bow Saw
36:16 Imperial Age
34:58 Hand Cart
36:11 Town Watch
36:42 Forging
36:38 Scale Barding Armor
中山路59號
6:23 Loom
8:56 Feudal Age
9:56 Double-Bit Axe
17:29 Fletching
20:16 Horse Collar
22:14 Padded Archer Armor
27:18 Castle Age
26:12 Forging
29:37 Scale Barding Armor
Connection lost

Rejoining the realm…

Still unreachable

The connection could not be restored.

Session expired

The server has moved on; the page needs a fresh start.